 Dungeon Crawl Stone Soup version 0.29-a0-284-gf9362112df (webtiles) character file.

Game seed: 7982037504502170315

11479 n8rtot the Basher (level 11, -4/159 HPs)
             Began as a Troll Fighter on Mar 24, 2022.
             Was a High Priest of Okawaru.
             Slain by a wolf (15 damage)
             ... in a Gauntlet.
             The game lasted 00:54:05 (9097 turns).

n8rtot the Basher (Troll Fighter)                   Turns: 9097, Time: 00:54:06

Health: -4/159     AC: 17    Str: 38    XL:     11   Next: 49%
Magic:  10/10      EV: 10    Int:  8    God:    Okawaru [*****.]
Gold:   605        SH: 16    Dex:  9    Spells: 10/10 levels left

rFire   . . .      SeeInvis .   m - +5 flail (protect)
rCold   . . .      Faith    .   c - +2 kite shield
rNeg    . . .      Spirit   .   T - +0 acid dragon scales
rPois   .          Reflect  +   Z - +2 hat of Gayffoor {Regen+ Str+2 Int+4 Slay+2}
rElec   .          Harm     .   (no cloak)
rCorr   +          Rampage  .   (gloves unavailable)
Will    .....      NoTele   +   (boots unavailable)
Stlth   ..........              I - amulet of reflection
HPRegen 1.96/turn               t - +6 ring of strength
MPRegen 0.12/turn               K - +4 ring of slaying

@: mighty, berserking (expiring), under a protective aura, very quick
A: large, unfitting armour, claws 3, regeneration 1, shaggy fur 1, tough skin 1
a: Renounce Religion, Heroism, Finesse, Duel


You were in a Gauntlet.
You worshipped Okawaru.
Okawaru was extremely pleased with you.
You visited 2 branches of the dungeon, and saw 12 of its levels.
You also visited: Gauntlet.

You collected 605 gold pieces.

Inventory:

Hand Weapons
 a - a +0 flail
 j - a +2 hunting sling of flaming
 m - a +5 flail of protection (weapon)
 S - a +1 vorpal longbow
Missiles
 i - 443 stones (quivered)
 l - 14 large rocks
 n - 35 poisoned darts
 w - a throwing net
 H - 2 silver javelins
 X - 5 atropa-tipped darts
Armour
 b - a +0 robe
 c - a +2 kite shield (worn)
 k - a scarf of harm
 v - the +0 robe "Qeru" {MP+9 Dex+7}
   (You acquired it on level 6 of the Dungeon)

   Dex:       It affects your dexterity (+7).
   MP:        It affects your magic capacity (+9).
 A - a +0 barding
 T - +0 acid dragon scales (worn)
 Z - the +2 hat of Gayffoor (worn) {Regen+ Str+2 Int+4 Slay+2}
   (Okawaru gifted it to you in a Gauntlet)

   Str:       It affects your strength (+2).
   Int:       It affects your intelligence (+4).
   Slay:      It affects your accuracy & damage with ranged weapons and melee
   (+2).
   Regen:     It increases your rate of health regeneration.
Jewellery
 r - a ring of fire
 t - a +6 ring of strength (left claw)
 D - a ring of magical power
 I - an amulet of reflection (around neck)
 K - a +4 ring of slaying (right claw)
 Q - a ring of protection from fire
 R - a +6 ring of dexterity
 W - a ring of see invisible
Wands
 e - a wand of polymorph (2)
 E - a wand of digging (8)
 L - a wand of mindburst (17)
 M - a wand of acid (11)
 O - a wand of paralysis (5)
 P - a wand of iceblast (3)
Scrolls
 q - a scroll of magic mapping
 u - 4 scrolls of fog
 x - a scroll of holy word
 y - 4 scrolls of noise
 z - a scroll of blinking
 F - a scroll of amnesia
 G - 5 scrolls of teleportation
 J - 2 scrolls of immolation
 U - 4 scrolls of identify
Potions
 d - 2 potions of might
 f - 3 potions of curing
 g - 2 potions of haste
 h - 2 potions of cancellation
 o - a potion of resistance
 p - 4 potions of degeneration
 s - a potion of heal wounds
 B - a potion of ambrosia
 C - a potion of attraction
 N - a potion of magic
 V - a potion of flight {unknown}
 Y - a potion of brilliance {unknown}


   Skills:
 + Level 6.3 Fighting
 + Level 10.9 Maces & Flails
 + Level 1.6 Armour
 + Level 6.9 Dodging
 + Level 2.4 Stealth
 + Level 7.6 Shields


You had 10 spell levels left.
You didn't know any spells.
Your spell library contained the following spells:

 Spells                   Type           Power      Damage    Failure   Level
 Pain                     Necr           0%         1d4       71%         1
 Sandblast                Erth           0%         2d4       71%         1
 Ignite Poison            Fire/Tmut/Pois 0%         N/A       97%         3
 Ozocubu's Armour         Ice            0%         N/A       97%         3
 Portal Projectile        Hex/Tloc       0%         N/A       97%         3
 Stone Arrow              Conj/Erth      0%         3d7       97%         3
 Vampiric Draining        Necr           0%         2d6       97%         3
 Petrify                  Tmut/Erth      0%         N/A       100%        4
 Blade Hands              Tmut           0%         N/A       100%        5
 Excruciating Wounds      Necr           0%         N/A       100%        5
 Metabolic Englaciation   Hex/Ice        0%         N/A       100%        5
 Yara's Violent Unravell  Hex/Tmut       0%         3d3       100%        5
 Animate Skeleton         Necr           Unusable   N/A       N/A         1
 Simulacrum               Ice/Necr       Unusable   N/A       N/A         6

Dungeon Overview and Level Annotations

Branches:
Dungeon (11/15)            Temple (1/1) D:7            Lair (0/6) D:10
    Orc (0/2) D:11        Gauntlet (1/1)

Altars:
Cheibriados
Dithmenos
Kikubaaqudgha
Makhleb
Okawaru
Ru
Uskayaw
Wu Jian
Zin
The Shining One

Annotations:
Gauntlet 9 transporters


Innate Abilities, Weirdness & Mutations

You are too large for most types of armour.
You have claws for hands.
Your natural rate of healing is unusually fast.
You are covered in fur. (AC +1)
You have tough skin. (AC +1)


Message History

You feel yourself moving faster!
You feel mighty!
Unknown command.
The wolf attacks as you move away! You block the wolf's attack.
The wolf attacks as you move away! The wolf bites you.
* * * LOW HITPOINT WARNING * * *
The wolf rages.
The wolf closely misses you. The wolf bites you but does no damage.
You feel a strong urge to attack something.
The wolf rages.
You block the wolf's attack. x2
The hell hound barks!
You see here a potion of heal wounds.
s - a potion of heal wounds You feel your anger nearly subside.
You block the wolf's attack.
The wolf rages.
The wolf bites you.
* * * LOW HITPOINT WARNING * * *
The moth of wrath bites you!
* * * LOW HITPOINT WARNING * * *
You are too berserk!
The hell hog squeals angrily.
You bludgeon the wolf!!
Your weapon exudes an aura of protection.
You kill the wolf!
Okawaru accepts your kill.
You hear a bark!
You block the wolf's attack. You block the moth of wrath's attack.
You sock the wolf!
The wolf is heavily wounded.
You block the wolf's attack. The wolf bites you.
* * * LOW HITPOINT WARNING * * *
You thump the wolf!
The wolf is almost dead.
You block the wolf's attack. You block the moth of wrath's attack.
You bludgeon the wolf!!
You kill the wolf!
Okawaru accepts your kill. The moth of wrath barely misses you.
The wolf bites you!
You die...

#≈≈..8©8©8©8©8©8..≈≈#
#≈...............≈# ###
################### ### ### #
#≈###.................###≈###≈###
≈≈≈#...8⌠8..8∩8..8⌠8...#≈≈≈#≈≈≈#≈
.................................
#################################
.†...#8©8#.....y.#8©8#h...bhb#8©8
.###[#...#.⌠.#.#@#...#hb##..##...
##.^.#...#.....h.#...#b##..###...
.©..©#©.©#.8.©.#©#©.©###.©##©#©.©
##.^.#####......[######bb##.=####
.###.#...#.8.#.#.#...#h.##..?#...
.....#.8.#.......#.8.#h......#.8.
######...#########...#########...
.................................
≈≈≈#≈≈≈#≈≈≈#≈≈≈#≈≈≈#≈≈≈#≈≈≈#≈≈≈#≈


You could see a hell hog, a moth of wrath, 3 hell hounds, 2 fire bats and a wolf
(berserk).

Vanquished Creatures
  A sixfirhy (Gauntlet)
  A deep elf pyromancer (D:8)
  A deep elf zephyrmancer (D:10)
  A cyclops (D:9)
  3 elephants (Gauntlet)
  A torpor snail (Gauntlet)
  A kobold demonologist (D:6)
  A hornet (D:9)
  Grinder (D:6)
  Sigmund (D:6)
  2 shadows
  A water elemental (D:11)
  A wraith (D:9)
  10 yaks (D:9)
  3 vampire mosquitoes (D:10)
  Edmund (D:5)
  2 acid dragons (D:10)
  A water moccasin (D:8)
  An orc warrior (D:10)
  2 ice beasts (D:6)
  2 sky beasts
  3 black bears
  2 ogres
  4 wolves (Gauntlet)
  3 phantoms
  4 centaurs
  2 kobold brigands
  5 bullfrogs
  4 necrophages
  A gnoll sergeant (D:5)
  13 wights
  6 scorpions
  6 killer bees (D:8)
  4 howler monkeys
  2 hounds (D:5)
  2 jellies
  4 orc priests
  A gnoll shaman (D:8)
  6 iguanas
  Natasha (twice) (D:4)
  5 orc wizards
  A hound skeleton (D:7)
  3 adders
  11 gnolls
  A shadow imp (D:6)
  3 white imps
  6 ufetubi
  A worm (D:4)
  2 dart slugs
  35 orcs
  5 ball pythons
  8 endoplasms
  A giant cockroach (D:2)
  5 goblins
  8 hobgoblins
  2 jackals (D:1)
  18 kobolds
  8 quokkas
  6 bats
  3 frilled lizards
  8 rats
252 creatures vanquished.

Vanquished Creatures (others)
  6 fungi
  6 plants
12 creatures vanquished.

Grand Total: 264 creatures vanquished

Notes
Turn   | Place    | Note
-------+----------+-------------------------------------------
     0 | D:1      | n8rtot the Troll Fighter began the quest for the Orb.
     0 | D:1      | Reached XP level 1. HP: 22/22 MP: 0/0
   214 | D:1      | Reached skill level 2 in Maces & Flails
   214 | D:1      | Reached XP level 2. HP: 29/29 MP: 1/1
   533 | D:1      | Reached XP level 3. HP: 36/36 MP: 2/2
  1341 | D:2      | Found a shadowy altar of Dithmenos.
  1734 | D:3      | Reached XP level 4. HP: 41/44 MP: 3/3
  2270 | D:4      | Noticed a scorpion
  2276 | D:4      | Killed a scorpion
  2277 | D:4      | Reached skill level 3 in Maces & Flails
  2277 | D:4      | Reached XP level 5. HP: 53/53 MP: 4/4
  2374 | D:4      | Noticed a sky beast
  2375 | D:4      | Noticed a phantom
  2595 | D:4      | Got the Guide on Moulding and Envenoming
  2621 | D:4      | Noticed Natasha
  2630 | D:4      | Killed Natasha
  2774 | D:4      | Killed a sky beast
  2775 | D:4      | Reached XP level 6. HP: 20/61 MP: 5/5
  2823 | D:4      | Reached skill level 4 in Maces & Flails
  2913 | D:4      | Noticed Natasha
  2921 | D:4      | Killed Natasha
  3230 | D:5      | Entered Level 5 of the Dungeon
  3299 | D:5      | Noticed Edmund
  3402 | D:5      | Killed Edmund
  3403 | D:5      | Reached XP level 7. HP: 68/68 MP: 6/6
  3452 | D:5      | Found an iron altar of Okawaru.
  3471 | D:5      | Became a worshipper of Warmaster Okawaru
  3515 | D:5      | Reached skill level 5 in Maces & Flails
  3909 | D:5      | Reached XP level 8. HP: 75/78 MP: 7/7
  3986 | D:5      | Reached * piety under Okawaru
  3989 | D:5      | Reached skill level 6 in Maces & Flails
  4033 | D:5      | Reached skill level 1 in Stealth
  4539 | D:6      | Noticed a kobold demonologist
  4542 | D:6      | Reached ** piety under Okawaru
  4545 | D:6      | Reached skill level 5 in Dodging
  4549 | D:6      | Killed a kobold demonologist
  4550 | D:6      | Reached skill level 7 in Maces & Flails
  4550 | D:6      | Reached XP level 9. HP: 79/85 MP: 8/8
  4781 | D:6      | Reached skill level 5 in Shields
  4961 | D:6      | Noticed Grinder
  5001 | D:6      | Killed Grinder
  5001 | D:6      | Reached *** piety under Okawaru
  5006 | D:6      | Identified a scroll of acquirement
  5010 | D:6      | Acquired the +0 robe "Qeru" {MP+9 Dex+7}
  5105 | D:6      | Found an ancient bone altar of Kikubaaqudgha.
  5176 | D:6      | Noticed Sigmund
  5184 | D:6      | Killed Sigmund
  5185 | D:6      | Reached skill level 8 in Maces & Flails
  5426 | D:7      | Found a staircase to the Ecumenical Temple.
  5597 | Temple   | Entered the Ecumenical Temple
  5794 | D:7      | Found a burning altar of Makhleb.
  6353 | D:8      | Noticed a deep elf pyromancer
  6368 | D:8      | Killed a deep elf pyromancer
  6368 | D:8      | Reached **** piety under Okawaru
  6369 | D:8      | Reached skill level 5 in Fighting
  6369 | D:8      | Reached skill level 9 in Maces & Flails
  6369 | D:8      | Reached XP level 10. HP: 79/96 MP: 9/9
  7115 | D:9      | Noticed a cyclops
  7135 | D:9      | Reached ***** piety under Okawaru
  7143 | D:9      | Killed a cyclops
  7248 | D:9      | Found an ornate altar of the Wu Jian Council.
  7358 | D:9      | Reached skill level 10 in Maces & Flails
  7482 | D:9      | Paralysed by a hornet for 2 turns
  7704 | D:9      | Received a gift from Okawaru
  7953 | D:10     | Entered Level 10 of the Dungeon
  8021 | D:10     | Identified the +0 pair of boots "Xigeatad" {Str+3}
  8053 | D:10     | Reached XP level 11. HP: 53/105 MP: 10/10
  8472 | D:10     | Noticed a deep elf zephyrmancer
  8479 | D:10     | Killed a deep elf zephyrmancer
  8535 | D:10     | Got the Papyrus of the Mountains and Unholy Magic
  8681 | D:10     | Found a staircase to the Lair.
  8718 | D:10     | Identified the +0 ring mail of Nokaos {Will+}
  8744 | D:11     | Found a gate leading to a gauntlet.
  8757 | Gauntlet | Entered a Gauntlet
  8757 | Gauntlet | Found a transporter.
  8759 | Gauntlet | Noticed a sixfirhy
  8805 | Gauntlet | Found a transporter.
  8805 | Gauntlet | Found a transporter.
  8806 | Gauntlet | Found a transporter.
  8814 | Gauntlet | Found a transporter.
  8817 | Gauntlet | Found a transporter.
  8818 | Gauntlet | Found a transporter.
  8826 | Gauntlet | Found a transporter.
  8829 | Gauntlet | Found a transporter.
  8830 | Gauntlet | Found a transporter.
  8841 | Gauntlet | Found a transporter.
  8842 | Gauntlet | Found a transporter.
  8846 | Gauntlet | Found a transporter.
  8846 | Gauntlet | Noticed a hell hog
  8848 | Gauntlet | Noticed a green death
  8850 | Gauntlet | Found a transporter.
  8954 | Gauntlet | Killed a sixfirhy
  8993 | Gauntlet | Received a gift from Okawaru
  9005 | Gauntlet | Reached skill level 1 in Armour
  9036 | Gauntlet | Identified the +2 hat of Gayffoor {Regen+ Str+2 Int+4
                  | Slay+2} (Okawaru gifted it to you in a Gauntlet)
  9036 | Gauntlet | Received a gift from Okawaru
  9086 | Gauntlet | HP: 4/106 [wolf (15)]
  9097 | Gauntlet | Slain by a wolf

Illustrated notes

Levels and vault maps discovered:
D:1:      lemuel_arrival_room, layout_loops_ring, minmay_tromino_i4
D:2:      layout_rooms, basic_altar, hangedman_decor_opposing,
          kennysheep_minor_cross
D:3:      layout_rooms
D:4:      layout_layer_cave, chequers_serial_rivers_small_3, minmay_bent,
          uniq_natasha
D:5:      cheibrodos_barr_body, layout_basic, okawaru_gym_becter,
          dk_noncrumbling_3, chequers_serial_rivers_small_3,
          kennysheep_generic_room_3, uniq_edmund
D:6:      layout_basic, kiku_gazebo_pond_becter, uniq_sigmund, uniq_grinder
D:7:      layout_cave_pools, makhleb_blood_cavern_becter,
          minmay_temple_entry_arrows, chequers_jeans
D:8:      layout_loops_cross, nrook_loot_triangle
D:9:      layout_loops_ring, nicolae_wu_jian_immortal_techniques,
          minmay_sticks_and_stones
D:10:     layout_cave_pools, grunt_lair_entry_orc_guard_hut,
          kennysheep_just_a_vault
D:11:     layout_basic, david_orc_3, gauntlet_entry_generic,
          minmay_guarded_unrand_resistance
Temple:   mainiacjoe_temple_coin_purse
Gauntlet: gammafunk_gauntlet_77_escape_option [minmay_gauntlet_arena_77_box,
          minmay_gauntlet_arena_77_mirror, minmay_gauntlet_arena_77_museum,
          minmay_gauntlet_arena_77_two_lines,
          minmay_gauntlet_arena_77_terracotta_army,
          nicolae_gauntlet_exit_dead_adventurers]

Skill      XL: |  1  2  3  4  5  6  7  8  9 10 11 |
---------------+----------------------------------+-----
Maces & Flails | 2 3 4 5 7 9 10 | 10.9
Fighting       | 3 4 5 6 |  6.3
Dodging        | 3 4 5 6 |  6.9
Shields        | 3 4 6 7 |  7.6
Stealth        | 1 2 |  2.4
Armour         | 1 |  1.6

Action                   |  1- 3 |  4- 6 |  7- 9 | 10-12 || total
-------------------------+-------+-------+-------+-------++-------
Melee: Flail             |   157 |   173 |   260 |   355 ||   945
  Use: Scroll            |       |     8 |    15 |     7 ||    30
       Potion            |       |       |       |    10 ||    10
 Stab: Sleeping          |     1 |       |     1 |     2 ||     4
Armor: Robe              |    69 |    30 |    60 |    72 ||   231
       Skin              |       |     6 |       |       ||     6
       Acid dragon scale |       |       |       |    64 ||    64
Dodge: Dodged            |    74 |    63 |    52 |   139 ||   328
Block: Kite shield       |    73 |    56 |   156 |   337 ||   622
       Reflection        |       |       |     6 |     7 ||    13

Table legend: (Time is in decaauts)
 A = Elapsed time spent in this place.
 B = Non-inter-level travel time spent in this place.
 C = Inter-level travel time spent in this place.
 D = Time resting spent in this place.
 E = Time spent auto-exploring this place.
 F = Levels seen in this place.
 G = Mean time per level.
                   A        B        C        D        E       F      G
               +--------+--------+--------+--------+--------+-----+--------+
         Total |   9285 |   9279 |      6 |    510 |   5056 |  13 |  714.2 |
       Dungeon |   8933 |   8927 |      6 |    467 |   5012 |  11 |  812.1 |
        Temple |     13 |     13 |      0 |      0 |      1 |   1 |   13.0 |
      Gauntlet |    337 |    337 |      0 |     43 |     43 |   1 |  337.0 |
               +--------+--------+--------+--------+--------+-----+--------+

Top non-repeatable levels by time:
     D:5: 1316 daAuts
     D:4: 1170 daAuts
     D:8: 1024 daAuts
     D:9: 1007 daAuts
     D:1: 971 daAuts
     D:6: 882 daAuts
    D:10: 774 daAuts
     D:2: 756 daAuts
     D:7: 553 daAuts
     D:3: 448 daAuts
Gauntlet: 337 daAuts
    D:11: 27 daAuts
  Temple: 13 daAuts
